 Dungeon Crawl Stone Soup version 0.24.0-1-gfbc8707122 (console) character file.

Game seed: 2670524338265966114, levelgen mode: deterministic

443 Garrluk the Conjurer (level 6, 0/32 HPs)
             Began as a Deep Elf Fire Elementalist on Oct 27, 2019.
             Succumbed to a worker ant's poison
             ... on level 4 of the Dungeon.
             The game lasted 00:08:02 (2714 turns).

Garrluk the Conjurer (Deep Elf Fire Elementalist)   Turns: 2714, Time: 00:08:03

Health: 0/32       AC:  3    Str:  5    XL:     6   Next: 71%
Magic:  16/16      EV: 15    Int: 22    God:
Gold:   123        SH:  0    Dex: 15    Spells: 4/15 levels left

rFire    . . .     SeeInvis .   b - +0 hand axe (curse)
rCold    . . .     Gourm    .   (no shield)
rNeg     . . .     Faith    .   a - +0 robe
rPois    .         Spirit   .   u - +0 helmet
rElec    .         Reflect  .   (no cloak)
rCorr    .         Harm     .   (no gloves)
MR       +....     Rnd*Rage +   (no boots)
Stlth    ++........             (no amulet)
HPRegen  0.10/turn              l - ring of protection from magic
MPRegen  0.15/turn              (no ring)

@: lethally poisoned (0 -> -12)
A: repulsion field 1, berserk 1, MP-powered wands
a: no special abilities


You were on level 4 of the Dungeon.
You were not hungry.

You visited 1 branch of the dungeon, and saw 4 of its levels.

You collected 123 gold pieces.

Inventory:

Hand Weapons
 b - a cursed +0 hand axe (weapon)
Armour
 a - a +0 robe (worn)
 u - a +0 helmet (worn)
Jewellery
 l - a ring of protection from magic (left hand)
Scrolls
 d - 6 scrolls of remove curse {unknown}
 e - a scroll of random uselessness {unknown}
 f - a scroll of immolation {unknown}
 g - a scroll of teleportation {unknown}
 j - a scroll of amnesia {unknown}
 m - 4 scrolls of identify {unknown}
 n - 2 scrolls of magic mapping {unknown}
 o - a scroll of enchant armour {unknown}
Potions
 h - a potion of curing {unknown}
 i - a potion of might {unknown}
 k - a potion of invisibility {unknown}
 p - a potion of agility {unknown}
 q - a potion of brilliance {unknown}
 r - a potion of magic
 s - a potion of mutation
 v - a potion of lignification {unknown}
Comestibles
 c - 6 rations
 t - 3 chunks of flesh


   Skills:
 - Level 2.4 Dodging
 - Level 2.4 Stealth
 + Level 5.4 Spellcasting
 * Level 5.4 Conjurations
 + Level 5.0 Fire Magic


You had 4 spell levels left.
You knew the following spells:

 Your Spells              Type           Power        Failure   Level  Hunger
a - Flame Tongue          Conj/Fire      ####.        1%          1    None
b - Sticky Flame          Conj/Fire      ####....     11%         4    ####...
c - Conjure Flame         Conj/Fire      ####....     3%          3    ##.....
e - Regeneration          Chrm/Necr      #.........   28%         3    ##.....

Your spell library contained the following spells:

 Spells                   Type           Power        Failure   Level  Hunger
 Throw Flame              Conj/Fire      ####..       1%          2    None
 Animate Skeleton         Necr           N/A          10%         1    None
 Pain                     Necr           #...         10%         1    None
 Inner Flame              Hex/Fire       ###.....     11%         3    ##.....
 Vampiric Draining        Necr           #.........   28%         3    ##.....
 Animate Dead             Necr           N/A          67%         4    ####...
 Fireball                 Conj/Fire      ####......   30%         5    #####..


Dungeon Overview and Level Annotations

Branches:
Dungeon (4/15)
 Temple: D:4-7

Altars:
Gozag
Qazlal

Shops:
D:4 (

Annotations:
D:4 Eustachio


Innate Abilities, Weirdness & Mutations

You are surrounded by a mild repulsion field. (EV +2)
You tend to lose your temper in combat.
You expend magic power (3 MP) to strengthen your wands.


Message History

Casting: Flame Tongue (safe; 1% risk of failure)
Confirm with . or Enter, or press ? or * to list all spells.
Aiming: Flame Tongue (safe; 1% risk of failure)
Press: ? - help, Shift-Dir - straight line, f/p - worker ant
Aim: a worker ant (almost dead)
The flame tongue hits the worker ant but does no damage.
The worker ant is almost dead.
You feel sick. The worker ant bites you!
* * * LOW HITPOINT WARNING * * *
You are more poisoned.
The worker ant poisons you! The worker ant bites you.
* * * LOW HITPOINT WARNING * * *
It was a potion of magic.
Magic courses through your body.
* * * LOW HITPOINT WARNING * * *
You feel sick. The worker ant misses you.
It was a potion of mutation.
You feel extremely strange.
You feel a little pissed off.
You feel your magical essence link to the dungeon's wands.
You begin to radiate repulsive energy.
You die...

#.#####.....# #...##.#..###.#
#>...†'.....+ ..............[
###.###)....##......#########
#.###.....##......
#.#.......##......
#.#.......# #.#.......#
#.........# #.........#
...#.......###+###.
#.#.#####.#$@a.....# ## #...
...#........# #. #
#####........# #. ...%.....#
#. ........?## #. #.........#
#. #.......(.# #. #.........#
#. #. #. ..


You could see a worker ant.

Vanquished Creatures
  Sigmund (D:4)
  A phantom (D:4)
  A scorpion (D:4)
  A hound (D:4)
  A hound skeleton (D:4)
  Robin (D:4)
  A gnoll (D:4)
  2 worms
  2 dart slugs
  A leopard gecko (D:2)
  2 ball pythons (D:4)
  8 bats
  7 giant cockroaches
  14 goblins
  6 hobgoblins
  3 jackals (D:1)
  10 kobolds
  2 quokkas
  5 frilled lizards
  4 rats
73 creatures vanquished.

Notes
Turn   | Place    | Note
-------+----------+-------------------------------------------
     0 | D:1      | Garrluk the Deep Elf Fire Elementalist began the quest for
                  | the Orb.
     0 | D:1      | Reached XP level 1. HP: 10/10 MP: 6/6
   149 | D:1      | Reached XP level 2. HP: 15/15 MP: 6/8
   685 | D:2      | Found an opulent altar of Gozag.
   700 | D:2      | Reached XP level 3. HP: 19/19 MP: 6/10
   731 | D:2      | Learned a level 3 spell: Conjure Flame
   996 | D:2      | Found a stormy altar of Qazlal.
  2146 | D:4      | Got a shimmering chain mail
  2157 | D:4      | Noticed Robin
  2188 | D:4      | Noticed Eustachio
  2188 | D:4      | Noticed a scorpion
  2188 | D:4      | Noticed an ogre
  2223 | D:4      | Reached XP level 4. HP: 22/24 MP: 8/11
  2319 | D:4      | Killed Robin
  2328 | D:4      | Learned a level 4 spell: Sticky Flame
  2364 | D:4      | Found Huhe's Antique Weapon Shoppe.
  2416 | D:4      | Noticed a phantom
  2506 | D:4      | Killed a phantom
  2506 | D:4      | Reached XP level 5. HP: 28/28 MP: 1/13
  2524 | D:4      | Learned a level 3 spell: Regeneration
  2575 | D:4      | Noticed Sigmund
  2588 | D:4      | Killed Sigmund
  2588 | D:4      | Reached skill level 5 in Spellcasting
  2588 | D:4      | Reached skill level 5 in Conjurations
  2588 | D:4      | Reached XP level 6. HP: 32/32 MP: 3/15
  2694 | D:4      | Reached skill level 5 in Fire Magic
  2712 | D:4      | HP: 1/32 [worker ant (3)]
  2714 | D:4      | Gained mutation: You tend to lose your temper in combat.
                  | [potion of mutation]
  2714 | D:4      | Gained mutation: You expend magic power (3 MP) to
                  | strengthen your wands. [potion of mutation]
  2714 | D:4      | Gained mutation: You are surrounded by a mild repulsion
                  | field. (EV +2) [potion of mutation]
  2714 | D:4      | Succumbed to a worker ant's poison

Levels and vault maps discovered:
D:1:      shiori_arrival_oz, layout_basic, minmay_parallelograms,
          serial_bayou_crossing
D:2:      layout_loops_ring, lemuel_coloured_pillars_altar,
          nicolae_gozag_seed_capital
D:3:      layout_basic
D:4:      layout_basic, serial_shops, shop_statue, minmay_bisected,
          uniq_sigmund, uniq_eustachio, uniq_robin

Skill      XL: |  1  2  3  4  5  6 |
---------------+-------------------+-----
Conjurations   | 2 3 4 5 |  5.4
Spellcasting   | 4 5 |  5.4
Fire Magic     | 4 5 |  5.0
Dodging        | |  2.4
Stealth        | |  2.4

Action                   |  1- 3 |  4- 6 || total
-------------------------+-------+-------++-------
Melee: Hand axe          |     7 |     1 ||     8
 Cast: Flame Tongue      |    87 |    61 ||   148
       Sticky Flame      |       |     1 ||     1
  Use: Potion            |       |     2 ||     2
  Eat: Chunk             |     4 |     1 ||     5
Armor: Robe              |     9 |     4 ||    13
Dodge: Dodged            |    25 |    20 ||    45
